 Dungeon Crawl Stone Soup version 0.21.1-1-g345015f (webtiles) character file.

32706 Solrac the Basher (level 14, -11/116 HPs)
             Began as a Formicid Fighter on Mar 15, 2018.
             Was a High Priest of the Shining One.
             Mangled by an enormous slime creature (40 damage)
             ... on level 12 of the Dungeon on Mar 17, 2018.
             The game lasted 01:35:44 (12605 turns).

Solrac the Basher (Formicid Fighter)               Turns: 12605, Time: 01:35:44

Health: -11/116    AC: 18    Str: 26    XL:     14   Next: 4%
Magic:  14/14      EV: 10    Int:  7    God:    the Shining One [*****.]
Gold:   919        SH: 18    Dex: 27    Spells: 13/13 levels left

rFire    + . .     SeeInvis +   T - +4 great mace (protect)
rCold    x . .     Gourm    .   N - +0 shield of Sunlight {Regen+ Int-2 Dex+4}
rNeg     + + .     Faith    .   E - +0 plate armour
rPois    .         Spirit   .   (helmet unavailable)
rElec    +         Reflect  +   (no cloak)
rCorr    .         Harm     .   n - +0 pair of gloves
MR       .....                  W - +0 pair of boots
Stlth    ..........             u - amulet "Pouc Myf" {Reflect rElec rF- Dex+5 SH+5}
HPRegen  0.69/turn              J - ring "Ucliweq" {Fire MR- Str+5 Dex+4}
MPRegen  0.14/turn              D - ring of protection from fire

@: glowing
A: permanent stasis, dig shafts and tunnels, four strong arms, antennae 3
a: Dig, Shaft Self, Divine Shield, Cleansing Flame, Summon Divine Warrior,
Renounce Religion


You were on level 12 of the Dungeon.
You worshipped the Shining One.
The Shining One was extremely pleased with you.
You were hungry.

You visited 2 branches of the dungeon, and saw 15 of its levels.
You also visited: Labyrinth.

You collected 919 gold pieces.

Inventory:

Hand Weapons
 b - the +4 mace of the Vase {flame, Int+2}
   (You found it on level 5 of the Dungeon)

   It has been specially enchanted to burn those struck by it, causing extra
   injury to most foes and up to half again as much damage against particularly
   susceptible opponents.
   It affects your intelligence (+2).
 T - a +4 great mace of protection (weapon)
Missiles
 g - 26 tomahawks
 h - 577 stones (quivered)
Armour
 n - a +0 pair of gloves (worn)
 E - a +0 plate armour (worn)
 N - the +0 shield of Sunlight (worn) {Regen+ Int-2 Dex+4}
   (You took it off a wight on level 8 of the Dungeon)

   It affects your intelligence (-2).
   It affects your dexterity (+4).
   It increases your rate of regeneration.
 W - a +0 pair of boots (worn)
Jewellery
 i - an uncursed amulet of guardian spirit
 u - the amulet "Pouc Myf" (around neck) {Reflect rElec rF- Dex+5 SH+5}
   (You found it in a labyrinth)

   [amulet of reflection]

   It shields you and reflects attacks.
   It affects your dexterity (+5).
   It makes you vulnerable to fire.
   It insulates you from electricity.
   It affects your SH (+5).
 w - an uncursed amulet of the gourmand
 y - a +2 ring of intelligence
 D - a ring of protection from fire (right hand)
 J - the ring "Ucliweq" (left hand) {Fire MR- Str+5 Dex+4}
   (You found it on level 7 of the Dungeon)

   [ring of fire]

   It enhances your fire magic.
   It affects your strength (+5).
   It affects your dexterity (+4).
   It protects you from fire.
   It makes you vulnerable to cold.
   It affects your resistance to hostile enchantments.
 L - an uncursed ring of poison resistance
 O - an uncursed ring of poison resistance
Wands
 d - a wand of iceblast (19)
 m - a wand of digging (9)
 s - a wand of enslavement (8)
 H - a wand of paralysis (39)
 I - a wand of disintegration (13)
 K - a wand of flame (21)
Scrolls
 a - a scroll of holy word
 j - 6 scrolls of amnesia
 r - a scroll of identify
 v - 3 scrolls of magic mapping
 x - 4 scrolls of fear
 A - 6 scrolls of remove curse
 B - a scroll of enchant armour
 M - 2 scrolls of silence
 Q - 3 scrolls of fog
 R - a scroll of brand weapon
Potions
 e - 4 potions of heal wounds
 l - a potion of agility
 o - 2 potions of cancellation
 p - 3 potions of lignification
 q - a potion of experience {unknown}
 t - 8 potions of curing
 z - 6 potions of flight
 C - a potion of brilliance
 F - 2 potions of ambrosia
 G - a potion of mutation {unknown}
 P - a potion of might
Miscellaneous
 k - a fan of gales
Comestibles
 c - 12 chunks of flesh
 f - 30 rations


   Skills:
 + Level 12.7 Fighting
 + Level 14.2 Maces & Flails
 + Level 12.7 Armour
 + Level 2.4 Dodging
 - Level 9.1 Shields


You had 13 spell levels left.
You didn't know any spells.

Dungeon Overview and Level Annotations

Branches:
Dungeon (14/15)            Temple (1/1) D:7            Lair (0/6) D:8
    Orc (0/2) D:10         Vaults (0/5) D:14

Altars:
Ashenzari
Cheibriados
Dithmenos
Elyvilon
Fedhas
Gozag
Hepliaklqana
Kikubaaqudgha
Makhleb
Nemelex Xobeh
Okawaru
Qazlal
Ru
Sif Muna
Trog
Uskayaw
Vehumet
Wu Jian
Xom
Yredelemnul
Zin
The Shining One

Shops:
D:8 %


Innate Abilities, Weirdness & Mutations

You cannot be hasted, slowed, berserked, paralysed or teleported.
You can dig through walls and to a lower floor.
Your four strong arms can wield two-handed weapons with a shield.
You have a pair of large antennae on your head. (SInv)


Message History

You sock the very large slime creature!
The very large slime creature is severely wounded.
You block the very large slime creature's attack.
The large slime creature quivers.
You sock the very large slime creature!
The very large slime creature is severely wounded.
Two slime creatures merge to form an enormous slime creature.
You bludgeon the enormous slime creature!!
The enormous slime creature is severely wounded.
The enormous slime creature hits you!!!
* * * LOW HITPOINT WARNING * * *
A vampire comes into view.
The vampire casts a spell at you.
You are confused.
You bump into the rock wall.
You're too confused!
You bump into the rock wall.
You feel less confused. The enormous slime creature hits you!!!
You die...

#.##.# #J#
#.##.###.########
#.#..............
#.#..###.{.......
#.#..#...J#############
#.#>V....{.............
#.#..#)##.#.#########..
#####.#..#V##.#.#.......#
.......))#@J..#.#.#####.#
.......).######.#.#...#.#
......................#.#
#####.#..######.#.#.###.#
#.#.## #.#.#.###.# #.#.#
#.#.#....<# #.#.#
#.#.....#.# #.#
#.#...#.#.# #.#
#.#.#.#.#.#


You could see an enormous slime creature and a vampire.

Vanquished Creatures
  Gastronok (D:9)
  A minotaur (Lab)
  The ghost of bmj180 the Basher, a journeyman MiFi of Okawaru (D:12)
  A hydra (D:13)
  A centaur warrior (D:13)
  2 dancing weapons (D:14)
  A death knight (D:14)
  4 two-headed ogres
  Sonja (D:13)
  2 unseen horrors
  A wizard (D:14)
  10 ugly things
  3 manticores (D:14)
  A deep elf mage (D:13)
  3 gargoyles
  2 kobold demonologists (D:9)
  2 tengu conjurers (D:13)
  3 trolls (D:14)
  A hornet (D:10)
  3 slime creatures (D:13)
  3 hippogriffs
  4 flying skulls (D:12)
  A spriggan (D:7)
  The ghost of Spoonicorn the Sneak, an amateur SpAs (D:4)
  A wyvern (D:10)
  17 yaks
  2 hungry ghosts
  4 vampire mosquitoes (D:13)
  4 water moccasins
  2 porcupines
  2 ice beasts
  5 sky beasts
  A hornet zombie (D:14)
  6 orc warriors
  3 phantoms
  An eye of draining (D:13)
  7 ogres
  2 black bears
  7 centaurs
  23 big kobolds (D:9)
  Blork the orc (D:6)
  10 bullfrogs
  5 scorpions
  4 killer bees (D:9)
  5 wights (D:8)
  3 howler monkeys (D:11)
  8 crimson imps
  A centaur zombie (D:9)
  3 bullfrog zombies
  2 quasits
  2 bullfrog skeletons
  9 hounds
  5 orc priests
  4 jellies
  9 orc wizards
  3 iguanas
  11 worker ants
  3 hound skeletons
  3 worker ant zombies
  A howler monkey zombie (D:11)
  8 gnolls
  2 howler monkey skeletons
  10 adders
  6 shadow imps
  3 oozes
  6 worms
  3 adder skeletons
  5 dart slugs
  3 leopard geckos
  34 orcs
  15 bats
  3 giant cockroaches
  9 goblins
  6 hobgoblins
  4 jackals (D:1)
  16 kobolds
  4 quokkas
  A ball python (D:3)
  4 frilled lizards
  A jackal skeleton (D:6)
  A jackal zombie (D:6)
  2 quokka zombies
  17 rats
395 creatures vanquished.

Notes
Turn   | Place    | Note
-------+----------+-------------------------------------------
     0 | D:1      | Solrac the Formicid Fighter began the quest for the Orb.
     0 | D:1      | Reached XP level 1. HP: 18/18 MP: 1/1
    67 | D:1      | Reached XP level 2. HP: 8/24 MP: 2/2
   562 | D:1      | Reached XP level 3. HP: 29/29 MP: 3/3
  1114 | D:2      | Reached XP level 4. HP: 37/37 MP: 4/4
  1140 | D:2      | Reached skill level 3 in Maces & Flails
  1956 | D:2      | Reached XP level 5. HP: 38/42 MP: 3/5
  2361 | D:3      | Reached XP level 6. HP: 23/48 MP: 3/6
  2577 | D:3      | Reached skill level 4 in Maces & Flails
  3211 | D:4      | Noticed Spoonicorn's ghost (amateur SpAs)
  3243 | D:4      | Killed Spoonicorn's ghost
  3243 | D:4      | Reached skill level 5 in Shields
  3243 | D:4      | Reached XP level 7. HP: 47/55 MP: 5/7
  3328 | D:4      | Reached skill level 5 in Maces & Flails
  3495 | D:4      | Reached skill level 5 in Fighting
  3495 | D:4      | Reached skill level 5 in Armour
  3945 | D:5      | Entered Level 5 of the Dungeon
  4073 | D:5      | Reached XP level 8. HP: 50/62 MP: 5/8
  4138 | D:5      | Got a jewelled mace
  4139 | D:5      | Identified the +4 mace of the Vase {flame, Int+2} (You found it on level 5 of the Dungeon)
  4164 | D:5      | Reached skill level 6 in Maces & Flails
  4712 | D:6      | Reached XP level 9. HP: 59/69 MP: 7/9
  4719 | D:6      | Reached skill level 7 in Maces & Flails
  4918 | D:6      | Noticed Blork the orc
  4924 | D:6      | Killed Blork the orc
  5035 | D:6      | Noticed a moth of wrath
  5045 | D:6      | Found a bloodstained altar of Trog.
  5675 | D:7      | Found a sparkling altar of Nemelex Xobeh.
  5862 | D:7      | Found an ornate altar of the Wu Jian Council.
  5924 | D:7      | Reached skill level 8 in Maces & Flails
  6209 | D:7      | Got a crude amber ring
  6227 | D:7      | Identified the ring "Ucliweq" {Fire MR- Str+5 Dex+4} (You found it on level 7 of the Dungeon)
  6291 | D:7      | Found a staircase to the Ecumenical Temple.
  6297 | Temple   | Entered the Ecumenical Temple
  6353 | Temple   | Became a worshipper of the Shining One
  6457 | D:8      | Reached XP level 10. HP: 64/79 MP: 7/10
  6609 | D:8      | Found a staircase to the Lair.
  6617 | D:8      | Reached skill level 9 in Maces & Flails
  6786 | D:8      | Reached * piety under the Shining One
  6789 | D:8      | Got a bloodstained shield
  6813 | D:8      | Identified the cursed +0 shield of Sunlight {Regen+ Int-2 Dex+4} (You took it off a wight on level 8 of the Dungeon)
  7155 | D:8      | Noticed a two-headed ogre
  7285 | D:7      | Killed a two-headed ogre
  7314 | D:8      | Found Imof's Food Shoppe.
  7714 | D:9      | Noticed a two-headed ogre
  7718 | D:9      | Killed a two-headed ogre
  7718 | D:9      | Reached skill level 10 in Maces & Flails
  7718 | D:9      | Reached XP level 11. HP: 84/87 MP: 9/11
  8025 | D:9      | Reached skill level 11 in Maces & Flails
  8065 | D:9      | Reached ** piety under the Shining One
  8070 | D:9      | Noticed a sun demon
  8104 | D:9      | Noticed a sun demon
  8489 | D:9      | Noticed Gastronok
  8517 | D:9      | Killed Gastronok
  8517 | D:9      | Reached XP level 12. HP: 33/97 MP: 4/12
  8736 | D:10     | Entered Level 10 of the Dungeon
  8840 | D:10     | Found a staircase to the Orcish Mines.
  8926 | D:10     | Found a stormy altar of Qazlal.
  8931 | D:10     | Noticed a two-headed ogre
  8941 | D:10     | Killed a two-headed ogre
  8941 | D:10     | Reached skill level 10 in Fighting
  8941 | D:10     | Reached skill level 12 in Maces & Flails
  8941 | D:10     | Reached skill level 10 in Armour
  9000 | D:10     | Noticed an unseen horror
  9017 | D:10     | Killed an unseen horror
  9255 | D:10     | Noticed a two-headed ogre
  9266 | D:10     | Killed a two-headed ogre
  9530 | D:11     | Found a labyrinth entrance.
  9607 | Lab      | Entered a labyrinth
 10084 | Lab      | Noticed a minotaur
 10095 | Lab      | Killed a minotaur
 10095 | Lab      | Reached skill level 13 in Maces & Flails
 10233 | Lab      | Got a twitching ruby amulet
 10236 | Lab      | Got a smoking mace
 10242 | D:11     | Identified the cursed +1 mace "Goblinbane" {speed, Str-3 Dex+5} (You found it in a labyrinth)
 10470 | D:11     | Identified the amulet "Pouc Myf" {Reflect rElec rF- Dex+5 SH+5} (You found it in a labyrinth)
 10589 | D:11     | Reached *** piety under the Shining One
 10771 | D:11     | You fall through a shaft for 3 floors!
 10771 | D:14     | Found a gate to the Vaults.
 10771 | D:14     | Noticed an enchanted long sword
 10771 | D:14     | Noticed an enchanted long sword
 10784 | D:14     | Killed an enchanted long sword
 10787 | D:14     | Killed an enchanted long sword
 10787 | D:14     | Reached XP level 13. HP: 104/106 MP: 13/13
 11015 | D:14     | Reached skill level 14 in Maces & Flails
 11632 | D:13     | Noticed Sonja
 11643 | D:13     | Killed Sonja
 11758 | D:13     | Noticed a centaur warrior
 11762 | D:13     | Killed a centaur warrior
 11887 | D:13     | Noticed a six-headed hydra
 11891 | D:13     | Killed a six-headed hydra
 11891 | D:13     | Reached skill level 1 in Dodging
 11965 | D:13     | Reached **** piety under the Shining One
 12527 | D:12     | Reached XP level 14. HP: 111/116 MP: 14/14
 12532 | D:12     | Noticed bmj180's ghost (journeyman MiFi)
 12543 | D:12     | Killed bmj180's ghost
 12553 | D:12     | Reached ***** piety under the Shining One
 12605 | D:12     | Mangled by an enormous slime creature

Skill      XL: |  1  2  3  4  5  6  7  8  9 10 11 12 13 |
---------------+----------------------------------------+-----
Shields        | 4 5 6 7 9 |  9.1
Maces & Flails | 3 4 5 6 8 10 11 13 14 | 14.2
Armour         | 4 5 6 7 8 9 11 12 | 12.7
Fighting       | 4 5 6 7 8 9 11 12 | 12.7
Dodging        | 2 |  2.4

Action                   |  1- 3 |  4- 6 |  7- 9 | 10-12 | 13-15 || total
-------------------------+-------+-------+-------+-------+-------++-------
Melee: Flail             |   135 |   205 |    85 |   460 |       ||   885
       Mace              |       |       |   236 |    58 |       ||   294
       Great mace        |       |       |       |    55 |   266 ||   321
 Abil: Dig               |       |       |     2 |     8 |       ||    10
Evoke: Wand              |       |       |       |     2 |       ||     2
  Use: Scroll            |       |       |     8 |    15 |     2 ||    25
       Potion            |       |       |       |     2 |       ||     2
 Stab: Sleeping          |       |     1 |     5 |       |       ||     6
  Eat: Chunk             |     1 |     7 |     9 |    17 |     6 ||    40
Armor: Scale mail        |    18 |       |       |       |       ||    18
       Ring mail         |    64 |    90 |    49 |       |       ||   203
       Plate armour      |       |       |    67 |   198 |    98 ||   363
Dodge: Dodged            |    53 |    74 |    57 |    93 |    42 ||   319
Block: Shield            |   100 |   100 |   140 |   302 |   207 ||   849
       Reflection        |       |       |       |     1 |    11 ||    12
